details: 'last march of the ents'

« prev index next »

General information

Mini Map

Players

team 1
Humanpocilgito (red | 119 APM | 3646 actions | 30:32)
Hero icon 6 Archmage
Ability icon 3 Summon Water Elemental
Ability icon 2 Blizzard
Ability icon 1 Mass Teleport

» actions
Assign group hotkey83
Basic commands353
Build / train150
ESC pressed2
Enter build submenu63
Enter hero's abilities submenu6
Give item / drop item2
Remove unit from queue2
Right click1289
Select / deselect470
Select group hotkey1090
Use ability136
3646 total
» units
Peasant33
Footman9
Rifleman9
Mortar Team5
Priest3
Knight5
Flying Machine2
Dragonhawk Rider4
Gryphon Rider4
Siege Engine1
75 total
» upgrades
Defend1
Gunpowder2
Armor1
Long Rifles1
Flare1
Priest Training2
Plating1
Lumber Harvesting1
Flak Cannons1
Cloud1
Swords1
13 total
» buildings
Altar of Kings1
Farm14
Barracks2
Lumber Mill2
Town Hall2
Scout Tower27
Guard Tower11
Blacksmith2
Arcane Vault3
Arcane Tower6
Keep2
Workshop1
Castle1
Arcane Sanctum1
Gryphon Aviary2
77 total
» build order
00:10 Altar of Kings
00:13 Farm
00:31 Barracks
00:57 Farm
02:13 Farm
02:41 Farm
03:04 Lumber Mill
04:01 Town Hall
04:03 Scout Tower
04:04 Scout Tower
04:19 Scout Tower
04:24 Scout Tower
04:35 Scout Tower
04:47 Scout Tower
05:12 Guard Tower
05:27 Guard Tower
05:28 Scout Tower
05:29 Scout Tower
05:56 Scout Tower
06:43 Blacksmith
06:48 Guard Tower
06:58 Scout Tower
07:21 Scout Tower
07:26 Arcane Vault
07:42 Farm
07:46 Guard Tower
07:52 Scout Tower
08:07 Guard Tower
08:24 Arcane Tower
08:49 Keep
10:09 Scout Tower
10:43 Arcane Tower
11:15 Workshop
11:17 Farm
11:18 Farm
11:19 Farm
12:29 Scout Tower
12:40 Scout Tower
12:41 Scout Tower
12:47 Farm
13:01 Guard Tower
13:45 Guard Tower
13:52 Town Hall
13:53 Scout Tower
13:56 Scout Tower
14:05 Castle
14:10 Arcane Sanctum
14:14 Farm
14:26 Guard Tower
14:29 Scout Tower
14:32 Scout Tower
15:13 Arcane Tower
15:15 Guard Tower
15:18 Scout Tower
15:36 Farm
16:04 Arcane Tower
16:06 Scout Tower
17:19 Farm
17:29 Gryphon Aviary
18:21 Arcane Vault
23:21 Gryphon Aviary
23:23 Scout Tower
23:24 Scout Tower
23:35 Arcane Vault
23:36 Guard Tower
24:34 Scout Tower
25:05 Scout Tower
25:57 Arcane Tower
26:02 Lumber Mill
26:28 Arcane Tower
27:37 Keep
27:39 Farm
27:40 Farm
27:49 Barracks
29:06 Scout Tower
30:12 Blacksmith
30:24 Guard Tower
» items
Scroll of Regeneration12
Lesser Clarity Potion4
Mechanical Critter2
Scroll of Town Portal5
Potion of Healing5
Potion of Mana1
Staff of Sanctuary1
Orb of Fire1
31 total
team 2
Random» NightElfthekingofbnet (pink | 90 APM | 2758 actions | 30:34)
Hero icon 9 Demon Hunter
Ability icon 3 Mana Burn
Ability icon 3 Evasion
Ability icon 1 Metamorphosis
Ability icon 2 Immolation

» actions
Assign group hotkey57
Basic commands130
Build / train154
ESC pressed2
Enter build submenu57
Enter hero's abilities submenu9
Give item / drop item3
Right click813
Select / deselect632
Select group hotkey730
Use ability171
2758 total
» units
Wisp60
Archer3
Huntress7
Glaive Thrower2
Druid of the Claw1
Druid of the Talon14
Chimaera2
Mountain Giant1
Dryad11
Faerie Dragon8
109 total
» upgrades
Ultravision1
Vorpal Blades1
Sentinel1
Reinforced Hides3
Well Spring1
Druid of the Claw Training2
Druid of the Talon Training2
Upgrade Moon Glaive1
Nature's Blessing1
Mark of the Claw1
Hardened Skin1
Strength of the Wild1
Corrosive Breath1
Resistant Skin1
Abolish Magic1
Mark of the Talon1
20 total
» buildings
Altar of Elders1
Moon Well7
Ancient of War34
Tree of Life2
Hunter's Hall1
Ancient of Wonders1
Tree of Ages1
Tree of Eternity1
Ancient of Lore2
Ancient of Wind1
Chimaera Roost2
Ancient Protector1
54 total
» build order
00:08 Altar of Elders
00:17 Moon Well
00:20 Ancient of War
01:41 Moon Well
03:04 Tree of Life
03:33 Hunter's Hall
03:50 Moon Well
04:07 Ancient of Wonders
04:35 Ancient of War
05:21 Tree of Ages
06:48 Ancient of War
07:44 Tree of Eternity
08:05 Moon Well
08:36 Ancient of Lore
08:41 Ancient of Lore
08:43 Ancient of Wind
12:11 Chimaera Roost
12:43 Chimaera Roost
12:56 Ancient Protector
13:42 Moon Well
13:46 Moon Well
14:24 Tree of Life
15:13 Moon Well
15:52 Ancient of War
15:54 Ancient of War
16:44 Ancient of War
16:45 Ancient of War
16:47 Ancient of War
17:44 Ancient of War
18:53 Ancient of War
18:54 Ancient of War
18:55 Ancient of War
19:12 Ancient of War
19:16 Ancient of War
19:33 Ancient of War
20:18 Ancient of War
20:58 Ancient of War
20:59 Ancient of War
21:00 Ancient of War
21:20 Ancient of War
22:35 Ancient of War
22:36 Ancient of War
22:41 Ancient of War
22:42 Ancient of War
22:43 Ancient of War
22:44 Ancient of War
22:45 Ancient of War
22:46 Ancient of War
22:48 Ancient of War
22:49 Ancient of War
23:07 Ancient of War
25:39 Ancient of War
25:40 Ancient of War
25:43 Ancient of War
» items
Moonstone1
Scroll of Town Portal1
Orb of Venom1
Potion of Healing2
Staff of Preservation1
Anti-magic Potion1
7 total